AoeStats
← Mata

Arena

509350677Analyzed
1v1 RM · 5d ago on Sep 26, 2026· 48m 9s· 2 players
Game mode
Random Map
Map size
Tiny (2 player)
Population
200
Speed
Normal
Resources
Standard
Victory
Conquest
Starting age
Dark Age
Ending age
Imperial Age
RankedLock teamsTeams togetherTeam positionsShared explorationLock speedFull tech treeHidden civsTurbo modeCheats
Victory
Defeat
🇨🇴 Varangians · Colombia
781
+15
🇨🇿 Bohemians · Czechia
759
-15
Mata
3:07 Loom
7:16 Loom
11:34 Feudal Age
12:09 Double-Bit Axe
12:06 Horse Collar
16:36 Wheelbarrow
21:03 Castle Age
21:44 Heavy Plow
21:55 Bow Saw
28:41 Imperial Age
29:06 Hand Cart
31:31 Chemistry
30:52 Ballistics
31:37 Two-Man Saw
30:30 Town Watch
30:22 Pikeman
31:50 Elite Skirmisher
31:57 Halberdier
35:43 Fletching
35:54 Padded Archer Armor
36:05 Forging
35:56 Scale Mail Armor
40:30 Iron Casting
40:10 Chain Mail Armor
40:15 Squires
45:45 Blast Furnace
divineslain
11:54 Feudal Age
13:05 Double-Bit Axe
13:04 Horse Collar
15:32 Castle Age
16:31 Bow Saw
16:31 Loom
24:18 Heavy Plow
30:51 Imperial Age
28:58 Wheelbarrow
28:54 Gold Mining
28:56 Stone Mining
31:33 Hand Cart
31:34 Forging
31:30 Scale Barding Armor
31:00 Vendel Legacy
32:31 Stone Shaft Mining
33:26 Iron Casting
32:22 Elite Jarl
35:21 Chemistry
40:18 Chain Barding Armor
40:58 Blast Furnace
43:55 Plate Barding Armor
Connection lost

Rejoining the realm…

Still unreachable

The connection could not be restored.

Session expired

The server has moved on; the page needs a fresh start.